 Dungeon Crawl Stone Soup version 0.31.0-32-g396128a36d (webtiles) character file.

Game seed: 6726199079924158641

2422411 wingedge the Pyromancer (level 26, 219/219 (221) HPs)
             Began as a Demigod Earth Elementalist on Mar 15, 2024.
             Escaped with the Orb
             ... and 5 runes on Mar 19, 2024!
             The game lasted 07:44:54 (106267 turns).

wingedge the Pyromancer (DgEE)                    Turns: 106267, Time: 07:44:55

HP:   219/219 (221) AC: 24    Str: 24    XL:     26   Next: 34%
MP:   53/53         EV: 15    Int: 49    God:
Gold: 5418          SH: 16    Dex: 12    Spells: 9/64 levels left

rFire   + + .        s - staff "Futu" {rElec rF+ Int+5 Dex-2 SInv Fire}
rCold   + . .        R - +4 kite shield {reflect}
rNeg    + . .        k - quicksilver dragon scales
rPois   +            D - +2 hat {Int+3}
rElec   +            Z - +2 cloak {rPois}
rCorr   +            m - +2 pair of gloves {Str+3}
SInv    +            U - +2 pair of boots {Fly}
Will    +++..        V - amulet of magic regeneration
Stlth   +            h - ring "Hahununi" {rF+ rCorr}
HPRegen 1.36/turn    W - ring "Qialun" {rC+ rN+ Str+4 Stlth+}
MPRegen 0.73/turn

%: random rage (9%), reflection
@: flying, lightly drained
A: high MP 1, forlorn, divine attributes, iridescent scales 1, berserk 2,
deformed body, regeneration 1, inability to read after injury 1, sturdy frame 1,
persistent drain
0: Orb of Zot
}: 5/15 runes: decaying, serpentine, slimy, silver, abyssal
a: no special abilities


You escaped.
You visited 11 branches of the dungeon, and saw 55 of its levels.
You visited the Abyss 5 times.
You also visited: Gauntlet.

You collected 9771 gold pieces.
You spent 4353 gold pieces at shops.

Inventory:

Hand Weapons
 a - the +3 Elemental Staff {ele, rElec rF+ rC+ AC+3}
   (You found it in a Gauntlet)

   AC+3:      It affects your AC (+3).
   rF+:       It protects you from fire.
   rC+:       It protects you from cold.
   rElec:     It insulates you from electricity.
 b - a +9 spectral broad axe
 c - the +9 war axe "Haoligul" {flame, rC+ rN+ SInv}
   (You found it on level 1 of the Vaults)

   rC+:       It protects you from cold.
   rN+:       It protects you from negative energy.
   SInv:      It lets you see invisible.
 d - a +7 broad axe of electrocution
 e - a +4 spectral broad axe
 v - a +1 vampiric broad axe
Missiles
 i - a throwing net
Armour
 k - quicksilver dragon scales (worn)
 m - a +2 pair of gloves of strength (worn)
 x - the +5 leather armour of Ethics {rF+ Str+3}
   (You found it on level 5 of the Vaults)

   Str+3:     It affects your strength (+3).
   rF+:       It protects you from fire.
 C - a scarf of repulsion
 D - a +2 hat of intelligence (worn)
 N - a +2 cloak of preservation
 R - a +4 kite shield of reflection (worn)
 U - a +2 pair of boots of flying (worn)
 Y - +0 swamp dragon scales
 Z - a +2 cloak of poison resistance (worn)
Magical Staves
 s - the staff "Futu" (weapon) {rElec rF+ Int+5 Dex-2 SInv Fire}
   (You found it on level 3 of the Lair of Beasts)

   [staff of fire]

   Base accuracy: +5 Base damage: 5 Base attack delay: 1.2 This weapon's minimum
   attack delay (0.6) is reached at skill level 12.
   Int+5:     It affects your intelligence (+5).
   Dex-2:     It affects your dexterity (-2).
   rF+:       It protects you from fire.
   rElec:     It insulates you from electricity.
   SInv:      It lets you see invisible.
   Fire:      It increases the power of your Fire spells.
   It falls into the 'Staves' category.
   It is a one-handed weapon.
Jewellery
 h - the ring "Hahununi" (left hand) {rF+ rCorr}
   (You found it on level 5 of the Pits of Slime)

   [ring of resist corrosion]

   rF+:       It protects you from fire.
   rCorr:     It protects you from acid and corrosion.
 p - an amulet of reflection
 w - a ring of willpower
 z - a ring of wizardry
 H - the ring "Quthem" {rF- rC++ AC+4}
   (You found it on level 5 of the Pits of Slime)

   [ring of protection]

   AC+4:      It affects your AC (+4).
   rF-:       It makes you vulnerable to fire.
   rC++:      It greatly protects you from cold.
 P - a ring of poison resistance
 S - a ring of see invisible
 V - an amulet of magic regeneration (around neck)
 W - the ring "Qialun" (right hand) {rC+ rN+ Str+4 Stlth+}
   (You took it off a kobold on level 9 of the Dungeon)

   [ring of protection from cold]

   Str+4:     It affects your strength (+4).
   rC+:       It protects you from cold.
   rN+:       It protects you from negative energy.
   Stlth+:    It makes you more stealthy.
Wands
 I - a wand of digging (37)
Scrolls
 j - 4 scrolls of butterflies
 l - 4 scrolls of amnesia
 t - 4 scrolls of blinking
 u - 9 scrolls of fear
 y - 15 scrolls of teleportation
 J - 3 scrolls of revelation
 O - 6 scrolls of fog
Potions
 f - 2 potions of berserk rage
 o - 10 potions of haste
 q - 3 potions of ambrosia
 r - 4 potions of cancellation
 A - 8 potions of brilliance
 B - 11 potions of might
 E - 27 potions of curing
 F - 7 potions of enlightenment
 G - 4 potions of invisibility
 K - 3 potions of heal wounds
 M - a potion of resistance
 T - 6 potions of magic
Miscellaneous
 n - a phantom mirror
 X - a sack of spiders


   Skills:
 - Level 15.0 Fighting
 - Level 13.0 Axes
 - Level 13.0 Armour
 - Level 11.0 Dodging
 - Level 4.0 Stealth
 - Level 13.0 Shields
 + Level 19.7 Spellcasting
 - Level 21.0 Conjurations
 - Level 7.0 Necromancy
 - Level 21.0 Fire Magic
 - Level 14.0 Earth Magic
 - Level 6.0 Alchemy


You had 9 spell levels left.
You knew the following spells:

 Your Spells              Type           Power      Damage    Failure   Level
b - Fire Storm            Conj/Fire      77%        8d20      12%         9
c - Iskenderun's Battles  Conj           100%       2d15      0%          5
d - Irradiate             Conj/Alch      55%        3d30      1%          5
e - Animate Dead          Necr           86%        N/A       1%          4
f - Starburst             Conj/Fire      77%        6d20      1%          6
g - Ignition              Fire           77%        3d20      1%          8
h - Lee's Rapid Deconstr  Erth           56%        3d26*     1%          5
i - Sublimation of Blood  Necr           86%        N/A       1%          2
j - Bombard               Conj/Erth      60%        9d10      1%          6
k - Borgnjor's Vile Clut  Necr/Erth      50%        N/A       1%          5

Your spell library contained the following spells:

 Spells                   Type           Power      Damage    Failure   Level
 Foxfire                  Conj/Fire      100%       2x1d9     0%          1
 Kiss of Death            Conj/Necr      100%       2d13      0%          1
 Magic Dart               Conj           100%       1d8       0%          1
 Sandblast                Erth           100%       2d20      0%          1
 Shock                    Conj/Air       100%       1d9       0%          1
 Sting                    Conj/Alch      100%       1d9       0%          1
 Momentum Strike          Conj/Tloc      100%       3d10      0%          2
 Scorch                   Fire           100%       2d9       0%          2
 Searing Ray              Conj           100%       2d8       0%          2
 Static Discharge         Conj/Air       100%       3-8/arc   0%          2
 Passwall                 Erth           100%       N/A       0%          3
 Stone Arrow              Conj/Erth      100%       3d13      0%          3
 Brom's Barrelling Bould  Conj/Erth      100%       2d11      0%          4
 Flame Wave               Conj/Fire      100%       2d21      0%          4
 Fireball                 Conj/Fire      77%        3d29      0%          5
 Apportation              Tloc           96%        N/A       1%          1
 Necrotise                Necr           100%       1d9       1%          1
 Slow                     Hex            100%       N/A       1%          1
 Summon Small Mammal      Summ           100%       N/A       1%          1
 Blink                    Tloc           96%        N/A       1%          2
 Call Imp                 Summ           96%        N/A       1%          2
 Cigotuvi's Dreadful Rot  Necr/Alch/Air  100%       N/A       1%          2
 Ensorcelled Hibernation  Hex/Ice        96%        N/A       1%          2
 Jinxbite                 Hex            96%        N/A       1%          2
 Lesser Beckoning         Tloc           96%        N/A       1%          2
 Mercury Vapours          Alch/Air       100%       N/A       1%          2
 Call Canine Familiar     Summ           48%        N/A       1%          3
 Confusing Touch          Hex            48%        N/A       1%          3
 Dazzling Flash           Conj/Hex       100%       N/A       1%          3
 Frozen Ramparts          Ice            96%        1d15      1%          3
 Fugue of the Fallen      Necr           86%        N/A       1%          3
 Hailstorm                Conj/Ice       100%       3d16      1%          3
 Inner Flame              Hex/Fire       100%       N/A       1%          3
 Mephitic Cloud           Conj/Alch/Air  94%        N/A       1%          3
 Ozocubu's Armour         Ice            48%        N/A       1%          3
 Sigil of Binding         Hex            48%        N/A       1%          3
 Summon Ice Beast         Ice/Summ       48%        N/A       1%          3
 Swiftness                Air            48%        N/A       1%          3
 Vampiric Draining        Necr           86%        2d12      1%          3
 Volatile Blastmotes      Fire/Tloc      100%       2d18      1%          3
 Anguish                  Hex/Necr       35%        N/A       1%          4
 Dispel Undead            Necr           86%        3d28      1%          4
 Fulminant Prism          Conj/Alch      55%        3d25      1%          4
 Ignite Poison            Fire/Alch      100%       N/A       1%          4
 Leda's Liquefaction      Alch/Erth      49%        N/A       1%          4
 Martyr's Knell           Necr/Summ      70%        N/A       1%          4
 Olgreb's Toxic Radiance  Alch           82%        N/A       1%          4
 Petrify                  Alch/Erth      98%        N/A       1%          4
 Sticky Flame             Fire/Alch      100%       2d15      1%          4
 Summon Blazeheart Golem  Fire/Summ      100%       N/A       1%          4
 Alistair's Intoxication  Alch           54%        N/A       1%          5
 Arcjolt                  Conj/Air       50%        1d60      1%          5
 Curse of Agony           Necr           86%        N/A       1%          5
 Freezing Cloud           Conj/Ice/Air   43%        6-21      1%          5
 Plasma Beam              Fire/Air       61%        2x1d77    1%          6
 Orb of Destruction       Conj           65%        9d15      1%          7
 Death Channel            Necr           43%        N/A       5%          6
 Airstrike                Air            24%        2d(4-20)  6%          4
 Cause Fear               Hex            24%        N/A       6%          4
 Manifold Assault         Tloc           48%        N/A       6%          4
 Passage of Golubria      Tloc           48%        N/A       6%          4
 Summon Lightning Spire   Summ/Air       48%        N/A       6%          4
 Vhi's Electric Charge    Tloc/Air       96%        N/A       6%          4
 Spellforged Servitor     Conj/Summ      50%        N/A       8%          7
 Metabolic Englaciation   Hex/Ice        24%        N/A       19%         5
 Silence                  Hex/Air        24%        N/A       19%         5
 Summon Forest            Summ/Tloc      24%        N/A       19%         5
 Summon Mana Viper        Hex/Summ       48%        N/A       19%         5
 Sculpt Simulacrum        Ice/Alch       33%        N/A       28%         6
 Dispersal                Tloc           24%        N/A       69%         6
 Summon Cactus Giant      Summ           24%        N/A       69%         6
 Haunt                    Necr/Summ      35%        N/A       78%         7
 Shatter                  Erth           56%        3d42*     90%         9
 Borgnjor's Revivificati  Necr           43%        N/A       94%         8
 Enfeeble                 Hex            24%        N/A       99%         7
 Monstrous Menagerie      Summ           24%        N/A       99%         7
 Ozocubu's Refrigeration  Ice            24%        4d12      99%         7
 Maxwell's Capacitive Co  Air            24%        ∞         100%        8
 Chain Lightning          Conj/Air       50%        3d66      100%        9
 Death's Door             Necr           43%        N/A       100%        9
 Dragon's Call            Summ           24%        N/A       100%        9
 Polar Vortex             Ice            24%        12d3*     100%        9


Dungeon Overview and Level Annotations

Branches:
Dungeon (15/15)            Temple (0/1) D:7            Lair (5/5) D:8
  Swamp (4/4) Lair:3        Snake (4/4) Lair:3        Slime (5/5) Lair:4
    Orc (2/2) D:12            Elf (3/3) Orc:2        Vaults (5/5) D:13
  Crypt (3/3) Vaults:3       Tomb (0/3) Crypt:3      Depths (4/4) D:15
    Zot (5/5) Depths:4    Gauntlet (visited)

Shops:
D:4 ?   D:8 *:   D:9 **   D:10 *   D:14 *   Orc:1 [   Orc:2 :[[(*   Elf:1 ?
Elf:3 (   Snake:2 ::=   Snake:4 [?   Vaults:1 [(   Vaults:3 [   Depths:4 :

Portals:
Hell: Depths:1 Depths:2 Depths:3 Depths:4
Abyss: Depths:1 Depths:3
Pandemonium: Depths:2
Ziggurat: Depths:3

Annotations:
D:8 Ignition or Refrigeration? - Have Polar Vortex in queue
Lair:3 Bombard -> Ignition
Swamp:3 -Stone Arrow, +Ignition next
Snake:1 ignition -> servitor?
Snake:2 Bombard -> Plasma Beam -> Ignit -> Chain Light
Snake:3 Starburst -> Ignition -> Plasma Beam -> Chain Light
Orc:2 Bombard + Clutch -> Ignition -> Refrigeration -> Vortex
Elf:2 Ignition -> Servitor -> Shatter?
Vaults:1 unique dagger on alarm bell - strong animated armors behind walls
Vaults:2 Post-ignition = ?? | Chain Light? Shatter? L6s?
Vaults:5 -Stone arrow, + OOD, -> Fire storm
Crypt:1 -OOD, +Fire Storm, -> Fridge -> Polar Vortex
Zot:1 conj/fi skillup -> -WizRing -> +LeathArm, +PRing, or +WillArm


Innate Abilities, Weirdness & Mutations

You have an increased reservoir of magic. (+10% MP)
You shall have no god before yourself.
Your divine heritage dramatically boosts your attributes as you level up.
You are partially covered in iridescent scales. (AC +2)
You have an uncontrollable temper.
Armour fits poorly on your strangely shaped body.
Your natural rate of healing is unusually fast.
You occasionally lose the ability to read scrolls when taking damage.
Your movements are slightly less encumbered by armour. (ER -2)
Your health recovers twice as slowly from being drained.


Message History

You fly upwards.
There is a stone staircase leading down here.
There is a stone staircase leading up, spattered with blood here.
You fly upwards.
There is a stone staircase leading down here.
There is a stone staircase leading up here.
You fly upwards.
There is a stone staircase leading down here.
There is an open door here.
There is a stone staircase leading up here.
You fly upwards.
There is a stone staircase leading down here.
There is an escape hatch in the ceiling here.
A mysterious force pulls you upwards. The hatch slams shut behind you.
There is an escape hatch in the ceiling here.
A mysterious force pulls you upwards. The hatch slams shut behind you.
There is a stone staircase leading up here.
You fly upwards.
There is a stone staircase leading down here.
Key pressed, stopping travel.
Unknown command.
A green death comes into view.
The green death moves out of view.
Casting: Bombard (safe; 1% risk of failure)
Confirm with . or Enter, or press ? or * to list all spells.
Aiming: Fire Storm (dangerous; 12% risk of failure)
Press: ? - help, Dir - move target You feel a surge of power!
A raging storm of fire appears!
The great blast of fire engulfs the green death!!!!
You kill the green death!
Key pressed, stopping travel.
Unknown command.
There is a stone staircase leading down here.
Aiming: Dig
Press: ? - help, Shift-Dir - straight line, f - you Please select a direction to dig.
This square is covered in magical glow.
The rock shatters into small pieces.
There is a staircase leading out of the dungeon here.
You have escaped!

########.# #..# #.# ##.###
#.>......# #..# #.#######.#
# #.######## #..#
#.........# # #.# #..#
########### # #.# #..# #
#.# ####..# # #.# #.....#
######## #.# #######
#....... #.#
##..@#########.###### #.#
#.........>.....# # #.#
#......########.# # #.#
##.......# ##....# #
#.########...##...###.÷...#
#
#...##.÷.....###......##..#
# ###^##......##
##.....##..#####
#.##.##...# #..............
#.##.##...##
######.........


There were no monsters in sight!

Vanquished Creatures
  the Royal Jelly (Slime:5)
  2 dread liches (Zot:5)
  5 ancient liches
  12 orbs of fire (Zot:5)
  The ghost of RandomusNamus the Slayer, a legendary DjCj of Makhleb (Zot:2)
  3 juggernauts
  Vv (Zot:3)
  The ghost of Heot Zafel the Impregnable, a veteran MiGl of Hepliaklqana (Crypt:1)
  Boris (twice) (Crypt:1 Crypt:3)
  4 Killer Klowns (Zot:5)
  2 curse toes (Zot:5)
  the Lernaean hydra (Swamp:4)
  2 caustic shrikes
  8 golden dragons
  A profane servitor (Abyss:3)
  A hellephant (Zot:2)
  6 electric golems
  5 bone dragons
  A shard shrike zombie (Crypt:3)
  Jorgrun (Swamp:1)
  12 tentacled monstrosities
  21 Orb Guardians (Zot:5)
  Mlioglotl (Swamp:1)
  Rupert (Orc:2)
  6 liches
  6 quicksilver dragons
  4 titans
  2 deep elf blademasters
  A deep elf master archer (Elf:3)
  7 sphinxes
  An ancient champion (Crypt:2)
  11 acid blobs
  An Executioner (Abyss:3)
  An eldritch tentacle (Elf:2)
  Kirke (D:15)
  A tentacled starspawn (Abyss:3)
  9 death cobs
  2 thorn hunters
  3 tengu reavers
  9 storm dragons
  2 shadow dragons
  13 rockslimes
  7 fire giants
  17 azure jellies
  A revenant (Crypt:1)
  A protean progenitor (Zot:5)
  10 draconian monks
  A demonspawn warmonger (Zot:2)
  3 iron dragons
  4 deep elf elementalists (Elf:3)
  4 ghost moths
  7 draconian knights
  8 deep elf sorcerers
  2 balrugs
  2 draconian shifters
  7 frost giants
  10 vault wardens
  8 draconian scorchers
  Louise (Swamp:1)
  A curse skull (Crypt:1)
  3 orc warlords
  2 cacodemons
  5 ghouls (Crypt:2)
  5 draconian stormcallers
  9 draconian annihilators
  A caustic shrike skeleton (Abyss:3)
  6 formless jellyfish
  4 reapers
  19 very ugly things
  10 ironbound preservers
  11 stone giants
  6 ironbound thunderhulks
  5 vampire knights
  31 quicksilver oozes
  12 green draconians
  10 white draconians
  7 yellow draconians
  7 deep elf death magi
  8 red draconians
  6 spark wasps (Depths:2)
  12 black draconians
  3 deep elf demonologists
  A minotaur (Gauntlet)
  11 deep elf annihilators
  11 dire elephants
  4 eleionomae
  A lorocyproca (Depths:2)
  2 bunyips
  4 eidola
  8 war gargoyles
  11 purple draconians
  A green death (D:1)
  A merfolk impaler (Abyss:3)
  2 blizzard demons (Abyss:3)
  An acid blob zombie (Slime:5)
  10 ettins
  7 crystal guardians
  8 jiangshi
  2 quicksilver dragon skeletons
  8 fire dragons
  A shambling mangrove (Swamp:3)
  7 deep elf high priests (Elf:3)
  35 vault guards
  21 yaktaur captains
  A spriggan zombie (Crypt:1)
  A hell beast (Zot:2)
  6 rakshasas
  4 peacekeepers
  10 great orbs of eyes
  4 ice dragons
  3 salamander tyrants
  8 boulder beetles
  21 hydras
  16 alligators
  6 ironbound frosthearts
  A ghost crab (Swamp:1)
  A fenstrider witch skeleton (Crypt:1)
  Erolcha (Orc:2)
  4 spriggan air magi
  A radroach (Elf:2)
  8 anacondas
  2 death knights
  4 catoblepae
  14 centaur warriors
  30 dancing weapons
  An ogre mage (Orc:2)
  6 tengu warriors
  9 deep troll earth magi
  10 naga warriors
  9 two-headed ogres
  6 death yaks
  6 vampire magi
  3 deep troll shamans
  Urug (Orc:1)
  4 thrashing horrors (Abyss:2)
  5 orc high priests
  Nergalle (D:11)
  11 hell knights
  5 shock serpents
  7 spriggan berserkers
  3 sun demons
  2 titan zombies (Crypt:3)
  3 skysharks
  12 naga sharpshooters
  A soul eater (Crypt:2)
  8 spriggans
  An occultist (Depths:2)
  19 deep elf knights
  10 goliath frogs
  A wretched star (Abyss:3)
  9 salamander mystics
  3 sixfirhies
  A cherub (D:15)
  4 iron trolls
  8 swamp dragons
  6 glowing orange brains
  12 mana vipers
  31 skeletal warriors
  5 shadow wraiths
  2 spriggan druids
  11 large abominations
  A death drake (Elf:2)
  3 sea snakes
  3 flayed ghosts
  A ghost moth zombie (Zot:5)
  An anaconda zombie (Snake:4)
  3 arcanists
  4 bog bodies
  A glowing orange brain (shapeshifter) (Vaults:5)
  28 deep trolls
  2 shadow demons (Zot:5)
  2 golden dragon skeletons (Crypt:2)
  3 naga ritualists
  A mana viper (shapeshifter) (Vaults:5)
  12 deep elf archers
  2 orb spiders (shapeshifter)
  8 ironbound convokers
  13 lindwurms
  9 necromancers
  11 phantasmal warriors
  11 harpies
  15 orc knights
  35 deep elf pyromancers
  A lightning spire (Abyss:3)
  A goliath frog zombie (Crypt:2)
  7 starcursed masses (Abyss:3)
  A tengu zombie (Vaults:5)
  28 deep elf zephyrmancers
  An oklob plant (Lair:1)
  7 shining eyes
  23 ugly things
  A draconian zombie (Zot:2)
  6 orc sorcerers
  A shadow dragon skeleton (Crypt:2)
  An alligator skeleton (Crypt:1)
  23 salamanders
  4 cyclopes
  A formless jellyfish zombie (Slime:5)
  A meliai (shapeshifter) (Vaults:5)
  4 will-o-the-wisps
  16 manticores
  5 kobold blastminers
  Maurice (Orc:2)
  An elephant (shapeshifter) (Elf:1)
  A guardian serpent (shapeshifter) (Elf:3)
  4 guardian serpents
  A naga zombie (Crypt:3)
  26 moths of wrath
  A black mamba (shapeshifter) (Elf:1)
  12 naga magi
  17 vault sentinels
  An eye of devastation (Slime:1)
  3 smoke demons
  29 black mambas
  24 elephants
  2 ice statues (Elf:2)
  A molten gargoyle (D:14)
  An orange demon (Zot:1)
  Maggie (D:10)
  A grey draconian zombie (Crypt:2)
  A dire elephant skeleton (Crypt:3)
  8 gargoyles (D:14)
  15 cane toads
  3 kobold demonologists
  A mana viper zombie (Elf:2)
  2 torpor snails (shapeshifter)
  An efreet (D:15)
  4 unseen horrors (Depths:3)
  3 freezing wraiths
  A sea snake zombie (Crypt:2)
  A green draconian zombie (Zot:2)
  A purple draconian zombie (Zot:2)
  An unseen horror (shapeshifter) (Abyss:3)
  4 tengu conjurers
  A white draconian zombie (Crypt:2)
  7 komodo dragons
  5 rime drakes
  2 ancient zymes
  An alligator snapping turtle skeleton (Crypt:1)
  24 yaktaurs
  A golden dragon simulacrum (Elf:2)
  7 trolls
  2 bloated husks
  A hydra zombie (Crypt:1)
  A hellwing (Abyss:3)
  A great orb of eyes zombie (Slime:3)
  A moth of wrath zombie (Zot:5)
  2 saltlings (Vaults:1)
  2 harpy zombies
  4 polar bears
  4 glass eyes
  2 wind drakes (shapeshifter)
  A fire dragon zombie (Crypt:3)
  15 tyrant leeches
  2 tarantellas (Elf:2)
  18 blink frogs
  7 dream sheep
  6 raiju (Abyss:3)
  A snapping turtle (shapeshifter) (Vaults:5)
  7 hornets
  A centaur simulacrum (Crypt:1)
  An ettin zombie (Depths:4)
  2 jumping spiders (Elf:2)
  2 vampires
  An ettin skeleton (Crypt:3)
  6 fire dragon skeletons (Crypt:2)
  8 small abominations
  10 wraiths
  3 ynoxinuls
  2 shadows
  2 water elementals
  An air elemental (Elf:3)
  82 slime creatures
  6 wyverns
  48 yaks
  12 basilisks
  10 golden eyes
  4 fire elementals
  2 hogs (D:15)
  A warg (shapeshifter) (Vaults:5)
  An alligator snapping turtle simulacrum (Elf:2)
  3 steam dragons
  6 wargs
  5 redbacks (Depths:3)
  4 chaos spawn (Depths:3)
  3 neqoxecs
  5 vampire mosquitoes (D:12)
  35 nagas
  3 acid dragons
  2 spatial vortices (Elf:2)
  2 swamp worms (shapeshifter) (Vaults:5)
  6 hell hounds
  A deep troll zombie (Vaults:5)
  2 hydra simulacra (Elf:2)
  25 water moccasins
  16 swamp worms
  8 swamp drakes
  36 orc warriors
  A sky beast (D:8)
  A water nymph skeleton (Crypt:1)
  2 ice beasts
  3 black bears
  A fire dragon simulacrum (Elf:2)
  29 laughing skulls
  A black bear (shapeshifter) (D:9)
  8 wolves (Lair:5)
  A blink frog zombie (Crypt:1)
  A lindwurm zombie (Crypt:1)
  A human zombie (Vaults:1)
  9 ogres
  13 centaurs
  A yaktaur zombie (Vaults:5)
  A weeping skull (Abyss:2)
  14 bullfrogs
  8 kobold brigands
  A komodo dragon skeleton (Crypt:1)
  5 necrophages
  6 gnoll sergeants
  A deep troll simulacrum (Elf:2)
  A warg zombie (Crypt:1)
  4 earth elementals
  4 scorpions
  A salamander skeleton (Crypt:2)
  A hornet simulacrum (D:15)
  6 wights
  13 killer bees
  2 snapping turtle simulacra (Elf:2)
  A troll skeleton (Crypt:1)
  6 electric eels
  3 howler monkeys
  2 quasits
  22 orc priests
  3 hounds
  14 jellies
  23 orc wizards
  8 iguanas
  7 hell rats
  A sky beast zombie (Crypt:2)
  A hound skeleton (Crypt:2)
  7 adders
  19 gnolls
  A white imp (D:6)
  5 ufetubi
  A dart slug (D:4)
  A ribbon worm (D:3)
  98 orcs
  A bat skeleton (Crypt:1)
  25 endoplasms
  5 giant cockroaches
  8 goblins
  5 hobgoblins
  2 jackals (D:2)
  3 quokkas
  7 ball pythons
  A bat (D:1)
  A bombardier beetle zombie (Crypt:2)
  3 frilled lizards
  A giant cockroach zombie (Crypt:1)
  21 kobolds
  A quokka skeleton (Crypt:1)
  A quokka zombie (Crypt:2)
  7 rats
  2 aspiring fleshes (Zot:5)
  6 fire vortices
  A lurking horror (Abyss:3)
  2 spectral weapons (Zot:5)
  2 starspawn tentacles (Abyss:3)
2424 creatures vanquished.

Vanquished Creatures (collateral kills)
  Frederick (Vaults:2)
  An ancient lich (Vaults:5)
  Bai Suzhen (Depths:2)
  A golden dragon (Depths:1)
  2 tentacled monstrosities
  A lich (Depths:3)
  3 Orb Guardians (Zot:5)
  A quicksilver dragon (Vaults:5)
  2 death cobs
  4 acid blobs (Slime:5)
  A walking divine tome (Depths:3)
  2 tengu reavers (Vaults:5)
  3 draconian monks
  3 azure jellies
  A vault warden (Vaults:3)
  4 frost giants
  A draconian scorcher (Zot:2)
  2 fire giants
  An iron dragon (Vaults:5)
  A quicksilver ooze (Slime:1)
  A ghoul (Crypt:1)
  2 ironbound preservers (Vaults:5)
  3 formless jellyfish
  4 stone giants
  6 very ugly things
  An eleionoma (Swamp:4)
  2 yellow draconians
  3 dire elephants
  A black draconian (Depths:4)
  A war gargoyle (Vaults:5)
  A spark wasp (Depths:2)
  2 white draconians
  3 purple draconians
  A deep elf death mage (Vaults:5)
  3 ettins
  5 fire dragons
  A spriggan zombie (Abyss:3)
  4 ice dragons
  2 great orbs of eyes
  10 hydras (Swamp:4)
  A spriggan air mage (Depths:3)
  2 ironbound frosthearts
  2 radroaches (Elf:2)
  An alligator (Swamp:4)
  A death knight (Vaults:3)
  A tengu warrior (Depths:3)
  A centaur warrior (D:14)
  2 boulder beetles (Abyss:2)
  2 deep troll shamans (Depths:2)
  2 deep troll earth magi
  A naga sharpshooter (Snake:3)
  2 spriggans
  2 deep elf knights (Elf:2)
  A shock serpent (Snake:4)
  An iron troll (Depths:2)
  A death drake (Elf:2)
  4 mana vipers
  9 deep trolls
  An arcanist (Vaults:2)
  4 swamp dragons (Swamp:4)
  A lindwurm (Vaults:1)
  A harpy (Vaults:5)
  An orc knight (Vaults:5)
  5 deep elf zephyrmancers (Elf:2)
  2 ugly things
  2 will-o-the-wisps (Swamp:4)
  A large abomination (Depths:3)
  2 shining eyes
  2 salamanders
  3 black mambas (Snake:4)
  A guardian serpent (Snake:4)
  An eye of devastation (Slime:5)
  2 yaktaurs
  4 tyrant leeches
  3 hornets (Swamp:3)
  12 slime creatures
  2 jumping spiders (Elf:2)
  A water elemental (Depths:3)
  A redback (Depths:3)
  3 swamp worms
  5 swamp drakes
  An orc warrior (Vaults:5)
  A centaur (D:14)
  An orc wizard (Vaults:5)
  A hell rat (Elf:2)
192 creatures vanquished.

Vanquished Creatures (others)
  An ancient lich (Vaults:5)
  A fire giant (Depths:3)
  A draconian scorcher (Zot:2)
  A caustic shrike zombie (Depths:1)
  A Killer Klown zombie (Zot:5)
  Nessos (Lair:5)
  12 very ugly thing zombies
  An acid blob zombie (Slime:5)
  2 quicksilver dragon zombies (Vaults:5)
  A demigod zombie (Vaults:2)
  An Orb Guardian zombie (Zot:5)
  An azure jelly zombie (Slime:4)
  3 titan zombies (Vaults:5)
  A storm dragon zombie (Vaults:5)
  A deep elf knight (Elf:3)
  A golden dragon zombie (Vaults:5)
  4 spark wasp zombies (Depths:2)
  3 goliath frog zombies
  2 deep elf pyromancers (Elf:2)
  A harpy (Vaults:1)
  4 alligator zombies
  3 stone giant zombies
  A deep elf zephyrmancer (Elf:2)
  4 ugly thing zombies
  A fire giant zombie (Vaults:5)
  An iron dragon zombie (Vaults:5)
  5 draconian zombies
  3 frost giant zombies (Vaults:5)
  A dire elephant zombie (Vaults:2)
  6 mana viper zombies
  18 orc zombies
  A smoke demon (Abyss:3)
  A purple draconian zombie (Zot:2)
  A red draconian zombie (Zot:3)
  A swamp worm zombie (Vaults:5)
  3 white draconian zombies
  3 black draconian zombies
  A yellow draconian zombie (Zot:2)
  3 iron troll zombies
  2 sea snake zombies (Elf:2)
  A great orb of eyes zombie (Slime:5)
  A harpy zombie (Vaults:5)
  4 hydra zombies
  2 death drake zombies (Elf:2)
  2 bloated husks (Swamp:3)
  2 spriggan zombies
  3 fire dragon zombies
  2 tarantella zombies (Elf:2)
  3 radroach zombies (Elf:2)
  2 ice dragon zombies
  A boulder beetle zombie (Abyss:2)
  5 ettin zombies
  10 slime creature zombies
  2 tyrant leech zombies
  7 elf zombies
  20 deep troll zombies
  3 naga zombies
  2 swamp dragon zombies
  2 lindwurm zombies (Snake:4)
  A snapping turtle zombie (Vaults:5)
  38 human zombies
  A torpor snail zombie (Depths:2)
  A kobold brigand (D:6)
  10 yaktaur zombies
  4 tengu zombies
  2 raiju zombies (Abyss:3)
  2 ogre zombies (Vaults:5)
  2 swamp drake zombies
  138 fire vortices
  48 foxfires
  12 spectral weapons
  6 starspawn tentacles (Abyss:3)
442 creatures vanquished.

Grand Total: 3058 creatures vanquished

Notes
Turn   | Place    | Note
-------+----------+-------------------------------------------
     0 | D:1      | wingedge the Demigod Earth Elementalist began the quest for
                  | the Orb.
     0 | D:1      | Reached XP level 1. HP: 14/14 MP: 5/5
   468 | D:1      | Reached XP level 2. HP: 20/20 MP: 5/7
  1054 | D:2      | Reached XP level 3. HP: 26/26 MP: 4/8
  1060 | D:2      | Reached skill level 1 in Conjurations
  1151 | D:2      | Learned a level 3 spell: Stone Arrow
  2095 | D:3      | Reached XP level 4. HP: 34/34 MP: 3/9
  2260 | D:3      | Identified the +0 ring mail of the Hippo {Rampage Will-
                  | Int+2}
  2697 | D:3      | Reached skill level 1 in Fighting
  2697 | D:3      | Reached skill level 1 in Armour
  2697 | D:3      | Reached XP level 5. HP: 39/40 MP: 7/11
  3583 | D:4      | Reached XP level 6. HP: 34/47 MP: 0/13
  3727 | D:4      | Found Voiddinire's Magic Scroll Boutique.
  3735 | D:4      | Bought a scroll of fear for 52 gold pieces
  3735 | D:4      | Bought a scroll of teleportation for 39 gold pieces
  4759 | D:5      | Entered Level 5 of the Dungeon
  4973 | D:5      | Reached skill level 5 in Earth Magic
  5149 | D:5      | Reached XP level 7. HP: 52/52 MP: 8/15
  5785 | D:5      | Learned a level 3 spell: Passwall
  5962 | D:5      | Reached skill level 1 in Shields
  7111 | D:6      | Reached XP level 8. HP: 62/62 MP: 10/18
  7386 | D:6      | Reached skill level 5 in Conjurations
  7670 | D:6      | Reached skill level 5 in Spellcasting
  8158 | D:7      | Reached XP level 9. HP: 63/70 MP: 10/20
  8749 | D:7      | Found a staircase to the Ecumenical Temple.
  8823 | D:7      | Reached skill level 5 in Shields
  9280 | D:8      | Found Pyjoix's Book Shoppe.
  9716 | D:8      | Noticed a two-headed ogre
  9721 | D:8      | Killed a two-headed ogre
  9722 | D:8      | Reached skill level 5 in Fighting
  9722 | D:8      | Reached XP level 10. HP: 81/81 MP: 10/23
 10327 | D:8      | Found a staircase to the Lair.
 10855 | D:8      | Found Dav Suahu's Changing Room.
 11001 | Lair:1   | Entered Level 1 of the Lair of Beasts
 11808 | Lair:1   | Identified the +1 ring mail "Vakubbo Tir" {Dex+6}
 11827 | Lair:1   | Reached XP level 11. HP: 89/89 MP: 17/27
 11884 | Lair:1   | Noticed a boulder beetle
 12105 | Lair:1   | Killed a boulder beetle
 13279 | Lair:2   | Reached skill level 5 in Armour
 15069 | Lair:2   | Noticed an eight-headed hydra
 15074 | Lair:2   | Killed an eight-headed hydra
 15534 | Lair:3   | Reached XP level 12. HP: 96/96 MP: 24/28
 15624 | D:8      | Bought a book of the Earth for 468 gold pieces
 15631 | D:8      | Learned a level 5 spell: Lee's Rapid Deconstruction
 15867 | Lair:3   | Noticed a catoblepas
 15889 | Lair:3   | Killed a catoblepas
 16011 | Lair:3   | Noticed an alligator
 16018 | Lair:3   | Killed an alligator
 16041 | Lair:3   | Noticed an eight-headed hydra
 16954 | Lair:3   | Found a staircase to the Snake Pit.
 16986 | Lair:3   | Killed an eight-headed hydra
 17257 | Lair:3   | Found a staircase to the Swamp.
 17261 | Lair:3   | Identified the staff "Futu" {rElec rF+ Int+5 Dex-2 SInv
                  | Fire}
 17429 | Lair:3   | Learned a level 4 spell: Flame Wave
 17431 | Lair:4   | Noticed a catoblepas
 17444 | Lair:3   | Killed a catoblepas
 17601 | Lair:4   | Reached skill level 1 in Fire Magic
 18761 | Lair:4   | Found a staircase to the Slime Pits.
 19373 | Lair:5   | Entered Level 5 of the Lair of Beasts
 19391 | Lair:4   | Reached XP level 13. HP: 75/105 MP: 5/30
 19548 | Lair:4   | Learned a level 6 spell: Bombard
 19757 | Lair:5   | Found a gate leading to a gauntlet.
 19766 | Gauntlet | Entered a Gauntlet
 19766 | Gauntlet | Found a transporter.
 19817 | Gauntlet | Found a transporter.
 19835 | Gauntlet | Found a transporter.
 19843 | Gauntlet | Found a transporter.
 19859 | Gauntlet | Found a transporter.
 19878 | Gauntlet | Found a transporter.
 19900 | Gauntlet | Found a transporter.
 19907 | Gauntlet | Found a transporter.
 19907 | Gauntlet | Found a transporter.
 19926 | Gauntlet | Noticed a quicksilver ooze
 19930 | Gauntlet | Found a transporter.
 19935 | Gauntlet | Found a transporter.
 19939 | Gauntlet | Found a transporter.
 19950 | Gauntlet | Found the +3 Elemental Staff {ele, rElec rF+ rC+ AC+3}
 19956 | Gauntlet | Found a large runed translucent door.
 19957 | Gauntlet | Found a large runed translucent door.
 19958 | Gauntlet | Found a large runed translucent door.
 19958 | Gauntlet | Found a large runed translucent door.
 19959 | Gauntlet | Found a runed translucent gate.
 19960 | Gauntlet | Found a transporter.
 19960 | Gauntlet | Found a runed translucent gate.
 19961 | Gauntlet | Found a runed translucent gate.
 19961 | Gauntlet | Found a large runed translucent door.
 19961 | Gauntlet | Found a large runed translucent door.
 19961 | Gauntlet | Found a runed translucent door.
 19961 | Gauntlet | Found a runed translucent door.
 19962 | Gauntlet | Found a large runed translucent door.
 19963 | Gauntlet | Found a large runed translucent door.
 19965 | Gauntlet | Found a transporter.
 19967 | Gauntlet | Found a transporter.
 19980 | Gauntlet | Found a large runed translucent door.
 19980 | Gauntlet | Found a large runed translucent door.
 19981 | Gauntlet | Found a large runed translucent door.
 19982 | Gauntlet | Found a large runed translucent door.
 19989 | Gauntlet | Noticed a reaper
 19990 | Gauntlet | Found a transporter.
 19991 | Gauntlet | Found a large runed translucent door.
 19991 | Gauntlet | Found a large runed translucent door.
 19992 | Gauntlet | Found a large runed translucent door.
 19993 | Gauntlet | Found a large runed translucent door.
 19995 | Gauntlet | Found a transporter.
 20050 | Gauntlet | Found a transporter.
 20389 | Gauntlet | Killed a quicksilver ooze
 20524 | Gauntlet | Noticed a minotaur
 20530 | Gauntlet | Killed a minotaur
 20630 | Gauntlet | Got the Compilation of Twisted Hail
 21318 | Lair:5   | Noticed Nessos
 21322 | Lair:5   | Killed Nessos
 21704 | Lair:5   | Reached skill level 5 in Fire Magic
 21704 | Lair:5   | Reached skill level 10 in Earth Magic
 22119 | Lair:5   | Reached skill level 5 in Dodging
 24744 | D:9      | Reached XP level 14. HP: 115/115 MP: 4/32
 24938 | D:9      | Identified the +1 robe "Wimuciti" {+Blink Str+4}
 24985 | D:9      | Identified the +9 hand axe of Undoing {distort, Dex+2}
 24985 | D:9      | Identified the ring "Qialun" {rC+ rN+ Str+4 Stlth+}
 25011 | D:9      | Identified the staff of the Final Decision {rElec Int+3
                  | Conj}
 25324 | D:9      | Found Xyewuirr's General Store.
 25325 | D:9      | Found Vesay's Specific Store.
 25353 | D:9      | Bought a scroll of identify for 24 gold pieces
 25353 | D:9      | Bought a scroll of identify for 24 gold pieces
 25458 | D:9      | Identified the +2 battleaxe of Quick Integrity {heavy, rC+}
 25859 | D:10     | Entered Level 10 of the Dungeon
 25942 | D:10     | Found Ifeum's Overcharged Wands.
 25952 | D:10     | Noticed Maggie
 25954 | D:10     | Killed Maggie
 27014 | D:11     | Noticed Nergalle
 27134 | D:11     | Killed Nergalle
 28480 | D:12     | Found a staircase to the Orcish Mines.
 29445 | Orc:1    | Entered Level 1 of the Orcish Mines
 29445 | Orc:1    | Noticed Urug
 29450 | Orc:1    | Killed Urug
 29607 | Orc:1    | Found Nyssos's Armour Shop.
 29666 | Orc:1    | Reached skill level 10 in Shields
 30846 | Orc:2    | Entered Level 2 of the Orcish Mines
 31196 | Orc:2    | Noticed Maurice
 31201 | Orc:2    | Killed Maurice
 31358 | Orc:2    | Found a staircase to the Elven Halls.
 31688 | Orc:2    | Noticed Erolcha
 31690 | Orc:2    | Killed Erolcha
 32041 | Orc:2    | Noticed Rupert
 32058 | Orc:2    | Killed Rupert
 32276 | Orc:2    | Found Kawiges's Armour Emporium.
 32493 | Orc:2    | Noticed an orc warlord
 32524 | Orc:2    | Killed an orc warlord
 33019 | Orc:2    | Found Leikek's Antique Weapon Shoppe.
 33350 | Orc:2    | Reached skill level 10 in Spellcasting
 33654 | Orc:2    | Found Isapa's Antique Armour Shoppe.
 33737 | Orc:2    | Found Uppaen's General Store.
 33798 | Orc:2    | Found Kutoi's Book Shoppe.
 33805 | Orc:2    | Bought a book of Unlife for 648 gold pieces
 33812 | Orc:2    | Learned a level 5 spell: Borgnjor's Vile Clutch
 33928 | D:12     | Reached skill level 1 in Necromancy
 34711 | D:13     | Reached XP level 15. HP: 124/124 MP: 5/34
 34918 | D:13     | Found a gate to the Vaults.
 35271 | D:4      | Bought a scroll of acquirement for 676 gold pieces
 35271 | D:4      | Acquired 623 gold pieces
 35279 | D:4      | Learned a level 4 spell: Animate Dead
 36552 | D:14     | Found Vomeot's General Store.
 36721 | D:14     | Reached skill level 10 in Armour
 37139 | D:15     | Entered Level 15 of the Dungeon
 38543 | D:15     | Found a staircase to the Depths.
 38825 | D:15     | Noticed Kirke
 38834 | D:15     | Killed Kirke
 39825 | D:14     | Bought a ring of poison resistance for 320 gold pieces
 40019 | Snake:1  | Entered Level 1 of the Snake Pit
 40292 | Snake:1  | Reached skill level 10 in Fighting
 41101 | Snake:1  | Learned a level 5 spell: Iskenderun's Battlesphere
 41191 | Snake:1  | Reached skill level 5 in Necromancy
 41584 | Snake:2  | Identified the +1 scale mail of the Nexus {rF- Dex+4}
 41726 | Snake:2  | Reached skill level 10 in Conjurations
 42497 | Snake:2  | Noticed a tentacled monstrosity
 42503 | Snake:2  | Killed a tentacled monstrosity
 42504 | Snake:2  | Reached XP level 16. HP: 114/135 MP: 5/36
 42650 | Snake:2  | Got the Papyrus of the Salvo
 42807 | Snake:2  | Identified the +10 dagger "Trog's Vengeance" {venom,
                  | Stlth+}
 43145 | Snake:2  | Found Xaih's Jewellery Boutique.
 43145 | Snake:2  | Found Yboukh's Book Emporium.
 43146 | Snake:2  | Found Buac's Book Emporium.
 43158 | Snake:2  | Bought a ring of flight for 315 gold pieces
 43188 | Snake:2  | Identified the +6 war axe of the Spider Nest {flame, rElec}
 43446 | Snake:3  | Learned a level 1 spell: Shock
 43553 | Snake:3  | Got Jequg's Catalogue of the Frozen Barrage
 44643 | Snake:3  | Identified the +1 robe "Zybb" {MP+9}
 45156 | Snake:4  | Entered Level 4 of the Snake Pit
 46464 | Snake:4  | Identified the +4 spear of Qiwep {flame, ^Drain Int+3
                  | Stlth+}
 48338 | Snake:4  | Learned a level 5 spell: Irradiate
 48866 | Snake:4  | Reached skill level 1 in Alchemy
 49292 | Snake:4  | Got a serpentine rune of Zot
 49445 | Snake:4  | Found Eseig's Magic Scroll Emporium.
 49445 | Snake:4  | Found Goamiehutow's Armour Shoppe.
 49610 | Snake:4  | Identified the +6 hand axe of Wu Jian, Shouting {pain,
                  | Stlth+}
 49617 | Snake:4  | Reached XP level 17. HP: 144/144 MP: 21/37
 50351 | Swamp:1  | Entered Level 1 of the Swamp
 50711 | Swamp:1  | Identified the +4 ring mail "Cuhut" {rN+}
 51088 | Swamp:1  | Noticed Louise
 51100 | Swamp:1  | Killed Louise
 51393 | Swamp:1  | Noticed Mlioglotl
 51756 | Swamp:1  | Noticed Jorgrun
 51822 | Swamp:1  | Killed Jorgrun
 52372 | Swamp:1  | Killed Mlioglotl
 52639 | Swamp:2  | Reached skill level 5 in Alchemy
 55641 | Swamp:4  | Entered Level 4 of the Swamp
 56892 | Swamp:4  | Noticed the 27-headed Lernaean hydra
 57169 | Swamp:4  | Killed the 27-headed Lernaean hydra
 57170 | Swamp:4  | Reached skill level 10 in Fire Magic
 57539 | Swamp:4  | Got a decaying rune of Zot
 58091 | Elf:1    | Entered Level 1 of the Elven Halls
 58107 | Elf:1    | Reached XP level 18. HP: 151/151 MP: 16/39
 58254 | Orc:2    | Learned a level 6 spell: Starburst
 58430 | Elf:1    | Found Zoalicar's Magic Scroll Emporium.
 60628 | Elf:2    | Identified the ring "Bevumei" {rF- rN+ Will+ Str+3}
 61611 | Elf:2    | Got the Dissertation on Cold
 61873 | Elf:2    | Got the Almanac of Transfiguration
 62401 | Elf:2    | Got the Anthology of Location
 63282 | Elf:2    | Got the Incunable of Space
 63411 | Elf:2    | Noticed a caustic shrike
 63416 | Elf:2    | Killed a caustic shrike
 63680 | Elf:2    | Got Sif Muna's Quarto of the Plateau
 63702 | Elf:2    | Found a runed translucent gate.
 63703 | Elf:2    | Found a runed translucent gate.
 63703 | Elf:2    | Found a runed translucent gate.
 64342 | Elf:2    | Reached skill level 15 in Fire Magic
 64504 | Elf:2    | Reached XP level 19. HP: 157/157 MP: 32/41
 65514 | Elf:3    | Entered Level 3 of the Elven Halls
 66353 | Elf:3    | Found Omamu's Antique Weapon Shop.
 67912 | Elf:3    | Identified the +9 war axe "Haofeygg" {venom, rElec rN+
                  | Str+4 Stlth-}
 67912 | Elf:3    | Identified the +0 leather armour of the Hidden Vale {SInv}
 68048 | Elf:3    | Identified the +6 dagger of Hinozid {distort, rC+ rN+}
 68780 | Elf:3    | Found the +6 arbalest "Damnation" {damnation}
 68796 | Elf:3    | Identified the staff of Omiss {rC+ Dex+3 Fire Ice Earth}
 68848 | Elf:3    | Identified the +12 sling of Bloodstone {drain, rF- Dex+5}
 68893 | Elf:3    | Identified the +3 orcbow "Wixauriuq" {drain, rC+}
 69466 | Snake:4  | Bought a scroll of acquirement for 1092 gold pieces
 69467 | Snake:4  | Acquired 1025 gold pieces
 69778 | Vaults:1 | Entered Level 1 of the Vaults
 69802 | Vaults:1 | Reached skill level 1 in Axes
 70675 | Vaults:1 | Found Dunkuk's Weapon Boutique.
 71298 | Vaults:1 | Identified the +1 robe of the Dwarven Hall {rElec Will+}
 71544 | Vaults:1 | Found Paxar's Armour Boutique.
 71582 | Vaults:1 | Identified the +9 war axe "Haoligul" {flame, rC+ rN+ SInv}
 72422 | Vaults:1 | Identified the +0 dagger "Hotycral" {antimagic, rC+ Dex+4}
 73064 | Vaults:2 | Reached XP level 20. HP: 165/165 MP: 24/44
 73509 | Vaults:2 | Reached skill level 15 in Spellcasting
 73515 | Vaults:2 | Reached skill level 5 in Axes
 73606 | Vaults:2 | Learned a level 8 spell: Ignition
 73873 | Vaults:2 | Identified the orb of Indomitability {light, Harm Int+2}
 73873 | Vaults:2 | Noticed Frederick
 73889 | Vaults:2 | Killed Frederick
 73942 | Vaults:2 | Your ally Frederick died
 74770 | Vaults:2 | You are sucked into a shaft and drop 2 floors!
 76964 | Vaults:3 | Found a staircase to the Crypt.
 77220 | Vaults:3 | Found Foizoke's Armour Shop.
 79036 | Slime:1  | Entered Level 1 of the Pits of Slime
 79107 | Slime:1  | Gained mutation: You are dopey. (Int -2) [a shining eye]
 81002 | Slime:4  | Reached XP level 21. HP: 160/174 MP: 7/46
 81039 | Slime:4  | Gained mutation: You have a pair of small antennae on your
                  | head. [a shining eye]
 81040 | Slime:4  | Gained mutation: You are frail. (-10% HP) [a shining eye]
 81041 | Slime:4  | Gained mutation: You do not regenerate when monsters are
                  | visible. [a shining eye]
 81054 | Slime:4  | Gained mutation: You sometimes lose your temper in combat.
                  | [a shining eye]
 81062 | Slime:4  | Paralysed by a formless jellyfish for 1 turns
 81072 | Slime:4  | Paralysed by a formless jellyfish for 1 turns
 81289 | Slime:3  | Lost mutation: You are dopey. (Int -2) [potion of mutation]
 81289 | Slime:3  | Lost mutation: You sometimes lose your temper in combat.
                  | [potion of mutation]
 81289 | Slime:3  | Gained mutation: You have a pair of antennae on your head.
                  | [potion of mutation]
 81289 | Slime:3  | Gained mutation: You have a pair of large antennae on your
                  | head. (SInv) [potion of mutation]
 81289 | Slime:3  | Gained mutation: You occasionally shout uncontrollably at
                  | your foes. [potion of mutation]
 81289 | Slime:3  | Gained mutation: Your spells are a little harder to cast,
                  | but a little more powerful. [potion of mutation]
 81290 | Slime:3  | Lost mutation: You have a pair of large antennae on your
                  | head. (SInv) [potion of mutation]
 81290 | Slime:3  | Lost mutation: Your spells are a little harder to cast, but
                  | a little more powerful. [potion of mutation]
 81290 | Slime:3  | Gained mutation: You have a pair of large antennae on your
                  | head. (SInv) [potion of mutation]
 81290 | Slime:3  | Lost mutation: You are frail. (-10% HP) [potion of
                  | mutation]
 81290 | Slime:3  | Gained mutation: You are vulnerable to cold. (rC-) [potion
                  | of mutation]
 81291 | Slime:3  | Lost mutation: You have a pair of large antennae on your
                  | head. (SInv) [potion of mutation]
 81291 | Slime:3  | Lost mutation: You occasionally shout uncontrollably at
                  | your foes. [potion of mutation]
 81291 | Slime:3  | Lost mutation: You do not regenerate when monsters are
                  | visible. [potion of mutation]
 81291 | Slime:3  | Gained mutation: You are frail. (-10% HP) [potion of
                  | mutation]
 81291 | Slime:3  | Gained mutation: Your spells are a little harder to cast,
                  | but a little more powerful. [potion of mutation]
 81292 | Slime:3  | Lost mutation: Your spells are a little harder to cast, but
                  | a little more powerful. [potion of mutation]
 81292 | Slime:3  | Lost mutation: You are vulnerable to cold. (rC-) [potion of
                  | mutation]
 81292 | Slime:3  | Lost mutation: You have a pair of antennae on your head.
                  | [potion of mutation]
 81292 | Slime:3  | Gained mutation: You are agile. (Dex +4, Str/Int -1)
                  | [potion of mutation]
 81292 | Slime:3  | Gained mutation: You expend magic power (3 MP) to
                  | strengthen your wands. [potion of mutation]
 82006 | Slime:5  | Entered Level 5 of the Pits of Slime
 82246 | Slime:5  | Noticed the Royal Jelly
 82467 | Slime:5  | HP: 7/158 [acid (4)]
 82859 | Slime:5  | Killed the Royal Jelly
 82979 | Slime:5  | Identified the ring "Galyiq" {+Blink rCorr Dex+2}
 83163 | Slime:5  | Identified the +6 double sword of the Howling One {protect,
                  | Str+4}
 83176 | Slime:5  | Identified the +2 short sword "Vokhluogi" {antimagic,
                  | +Blink Fly rPois rF-}
 83181 | Slime:5  | Identified the +3 arbalest of Wyrd {penet, rF+ rC- Int+2}
 83185 | Slime:5  | Got a slimy rune of Zot
 83231 | Slime:5  | Identified the ring "Hahununi" {rF+ rCorr}
 83237 | Slime:5  | Identified the ring "Quthem" {rF- rC++ AC+4}
 83487 | Slime:5  | Gained mutation: You occasionally lose the ability to read
                  | scrolls when taking damage. [a shining eye]
 83591 | Slime:5  | Lost mutation: You have a pair of small antennae on your
                  | head. [potion of mutation]
 83591 | Slime:5  | Lost mutation: You are agile. (Dex +4, Str/Int -1) [potion
                  | of mutation]
 83591 | Slime:5  | Lost mutation: You expend magic power (3 MP) to strengthen
                  | your wands. [potion of mutation]
 83591 | Slime:5  | Gained mutation: You have a beak for a mouth. [potion of
                  | mutation]
 83591 | Slime:5  | Gained mutation: Your natural rate of healing is unusually
                  | fast. [potion of mutation]
 83591 | Slime:5  | Gained mutation: Your muscles are strong. (Str +4, Int/Dex
                  | -1) [potion of mutation]
 83592 | Slime:5  | Lost mutation: You are frail. (-10% HP) [potion of
                  | mutation]
 83592 | Slime:5  | Lost mutation: You occasionally lose the ability to read
                  | scrolls when taking damage. [potion of mutation]
 83592 | Slime:5  | Gained mutation: You sometimes lose your temper in combat.
                  | [potion of mutation]
 83592 | Slime:5  | Gained mutation: Your health recovers twice as slowly from
                  | being drained. [potion of mutation]
 83592 | Slime:5  | Gained mutation: You are partially covered in iridescent
                  | scales. (AC +2) [potion of mutation]
 84095 | Orc:2    | Bought an ichor-stained dagger for 224 gold pieces
 84095 | Orc:2    | Identified the +0 dagger of the Moon {spect, +Blink Str+4
                  | Dex+3} (You bought it in a shop on level 2 of the Orcish
                  | Mines)
 84168 | Elf:1    | Bought a scroll of revelation for 142 gold pieces
 84429 | Vaults:5 | Entered Level 5 of the Vaults
 84436 | Vaults:5 | Noticed an ancient lich
 84444 | Vaults:5 | Killed an ancient lich
 84446 | Vaults:5 | Noticed an ancient lich
 84461 | Vaults:5 | Killed an ancient lich
 84570 | Vaults:5 | Noticed an ancient lich
 84671 | Vaults:5 | Noticed a golden dragon
 84758 | Vaults:5 | Killed a golden dragon
 84759 | Vaults:5 | Reached skill level 10 in Axes
 84759 | Vaults:5 | Noticed an ancient lich
 84760 | Vaults:5 | Reached XP level 22. HP: 142/187 MP: 15/47
 84764 | Vaults:5 | Identified the +4 arbalest "Eczir" {drain, Dex+8}
 84921 | Vaults:5 | Identified the +5 leather armour of Ethics {rF+ Str+3}
 85014 | Vaults:5 | Killed an ancient lich
 85193 | Vaults:5 | Identified the staff "Adgherus" {rElec Dex+3 SInv Conj}
 85427 | Vaults:5 | Killed an ancient lich
 85499 | Vaults:5 | Identified the +3 trident "Tulo" {antimagic, rN+ Dex+4}
 85645 | Vaults:5 | Identified the ring of Fawnurei {Fire rElec Str-5 Dex+2}
 85646 | Vaults:5 | Identified the +6 battleaxe of Causality {speed, rElec
                  | Dex+3}
 85723 | Vaults:5 | Identified the +4 shortbow of Peril {elec, rElec}
 85760 | Vaults:5 | Got the Lectures on Moving Cinders
 86286 | Vaults:5 | Got a silver rune of Zot
 86577 | D:8      | Bought a potion of mutation for 112 gold pieces
 86738 | Depths:1 | Entered Level 1 of the Depths
 86738 | Depths:1 | Noticed a caustic shrike
 86750 | Depths:1 | Killed a caustic shrike
 87093 | Depths:1 | Found a gateway to Hell.
 87252 | Depths:1 | Found a one-way gate to the infinite horrors of the Abyss.
 88037 | Depths:2 | Learned a level 7 spell: Orb of Destruction
 88108 | Depths:2 | Noticed a juggernaut
 88288 | Depths:2 | Noticed Bai Suzhen
 88303 | Depths:2 | Killed Bai Suzhen
 88306 | Depths:2 | Killed a juggernaut
 88830 | Depths:2 | Found a one-way gate leading to the halls of Pandemonium.
 89134 | Depths:3 | Reached XP level 23. HP: 196/196 MP: 22/49
 89237 | Depths:3 | Found a one-way gateway to a ziggurat.
 90333 | Depths:4 | Entered Level 4 of the Depths
 90466 | Depths:4 | Found Xuifek's Tiny Tomes.
 90604 | Depths:4 | Reached skill level 15 in Fighting
 90892 | Depths:4 | Found a gate to the Realm of Zot.
 91150 | Depths:4 | Noticed a juggernaut
 91166 | Depths:4 | Killed a juggernaut
 91330 | Depths:4 | Noticed a juggernaut
 91342 | Depths:4 | Killed a juggernaut
 91786 | Depths:3 | Voluntarily entered the Abyss.
 91806 | Depths:3 | Escaped the Abyss
 91808 | Depths:3 | Voluntarily entered the Abyss.
 91979 | Abyss:2  | Reached skill level 10 in Dodging
 91984 | Depths:3 | Escaped the Abyss
 92060 | Depths:3 | Voluntarily entered the Abyss.
 92123 | Depths:3 | Escaped the Abyss
 92125 | Depths:3 | Voluntarily entered the Abyss.
 92364 | Depths:3 | Escaped the Abyss
 92444 | Depths:3 | Voluntarily entered the Abyss.
 92651 | Abyss:3  | Got an abyssal rune of Zot
 92657 | Abyss:3  | Reached skill level 15 in Conjurations
 92698 | Depths:3 | Escaped the Abyss
 93034 | Crypt:1  | Entered Level 1 of the Crypt
 93080 | Crypt:1  | Noticed Boris
 93093 | Crypt:1  | Killed Boris
 93669 | Crypt:1  | Reached XP level 24. HP: 206/206 MP: 27/49
 93800 | Crypt:1  | Identified the +12 dagger "Uboruije" {elec, Dex+2}
 93850 | Crypt:1  | Found a runed translucent door.
 93850 | Crypt:1  | Noticed Heot Zafel's ghost (veteran MiGl)
 93864 | Crypt:1  | Killed Heot Zafel's ghost
 95671 | Crypt:2  | Identified the +7 long sword of the Leaping Gods {protect,
                  | rElec rPois Str+2 Int+3}
 95709 | Crypt:2  | Learned a level 2 spell: Sublimation of Blood
 95776 | Crypt:3  | Entered Level 3 of the Crypt
 96217 | Crypt:3  | Noticed an ancient lich
 96226 | Crypt:3  | Killed an ancient lich
 96316 | Crypt:3  | Got the Directory of Iniquitous Rituals
 96319 | Crypt:3  | Identified the +4 morningstar "Cuiti" {venom, rElec MP+9}
 96320 | Crypt:3  | Identified the +2 demon whip "Lublaoce" {elec, rC- Int+5}
 96441 | Crypt:3  | Found a staircase to the Tomb.
 96534 | Crypt:3  | Noticed Boris
 96541 | Crypt:3  | Killed Boris
 97895 | D:4      | Bought a scroll of enchant weapon for 97 gold pieces
 98078 | D:14     | Bought a scroll of enchant weapon for 120 gold pieces
 98092 | D:14     | Learned a level 9 spell: Fire Storm
 98312 | Zot:1    | Entered Level 1 of the Realm of Zot
 99254 | Zot:1    | Got Veetto's Secrets of Fire and Brimstone
 99525 | Zot:1    | Identified the +9 battleaxe "Deikh" {venom, Str+3}
100453 | Zot:2    | Reached XP level 25. HP: 139/213 MP: 7/49
100737 | Zot:2    | Found a runed translucent door.
100737 | Zot:2    | Noticed RandomusNamus's ghost (legendary DjCj)
100772 | Zot:2    | Killed RandomusNamus's ghost
102220 | Zot:3    | Noticed Vv
102234 | Zot:3    | Killed Vv
103480 | Zot:5    | Entered Level 5 of the Realm of Zot
104043 | Zot:5    | Noticed a dread lich
104046 | Zot:5    | Killed a dread lich
104167 | Zot:5    | Noticed an orb of fire
104171 | Zot:5    | Noticed an orb of fire
104174 | Zot:5    | Noticed an orb of fire
104176 | Zot:5    | Killed an orb of fire
104179 | Zot:5    | Killed an orb of fire
104179 | Zot:5    | Killed an orb of fire
104184 | Zot:5    | Noticed an orb of fire
104186 | Zot:5    | Noticed an orb of fire
104188 | Zot:5    | Noticed an orb of fire
104188 | Zot:5    | Noticed an orb of fire
104208 | Zot:5    | Gained mutation: You have an uncontrollable temper. [an orb
                  | of fire]
104221 | Zot:5    | Gained mutation: Armour fits poorly on your strangely
                  | shaped body. [an orb of fire]
104230 | Zot:5    | Killed an orb of fire
104232 | Zot:5    | Killed an orb of fire
104232 | Zot:5    | Killed an orb of fire
104357 | Zot:5    | Noticed a dread lich
104360 | Zot:5    | Killed a dread lich
104409 | Zot:5    | Noticed an orb of fire
104410 | Zot:5    | Noticed an orb of fire
104414 | Zot:5    | Killed an orb of fire
104415 | Zot:5    | Lost mutation: Your muscles are strong. (Str +4, Int/Dex
                  | -1) [an orb of fire]
104418 | Zot:5    | Gained mutation: You occasionally lose the ability to read
                  | scrolls when taking damage. [an orb of fire]
104418 | Zot:5    | Noticed an ancient lich
104419 | Zot:5    | Killed an orb of fire
104433 | Zot:4    | Lost mutation: You have a beak for a mouth. [potion of
                  | mutation]
104433 | Zot:4    | Lost mutation: You have an uncontrollable temper. [potion
                  | of mutation]
104433 | Zot:4    | Gained mutation: Your movements are slightly less
                  | encumbered by armour. (ER -2) [potion of mutation]
104512 | Zot:5    | Killed an ancient lich
104548 | Zot:5    | Noticed an orb of fire
104552 | Zot:5    | Killed an orb of fire
104821 | Zot:5    | Reached XP level 26. HP: 221/221 MP: 39/51
104827 | Zot:5    | Noticed an ancient lich
104831 | Zot:5    | Killed an ancient lich
105059 | Zot:5    | Noticed an orb of fire
105064 | Zot:5    | Killed an orb of fire
105208 | Zot:5    | Gained mutation: You have an uncontrollable temper. [a
                  | shining eye]
105367 | Zot:5    | Killed an orb of fire
105644 | Zot:5    | Got the Orb of Zot
105686 | Zot:5    | Noticed an orb of fire
105691 | Zot:5    | Killed an orb of fire
106267 | D:$      | Escaped with the Orb!

Illustrated notes

Levels and vault maps discovered:
D:1:      amcnicky_arrival_wind_blow, layout_loops_ring,
          shapermc_ecumenical_altar_flowoftime
D:2:      layout_loops_ring
D:3:      layout_basic, nrook_uturn
D:4:      layout_loops_corners, kennysheep_little_box,
          mainiacjoe_overflow_six_doors_small, serial_shops, nicolae_square_shop
D:5:      layout_gridville, sword_in_stone
D:6:      layout_cave_pools, kennysheep_opposing_triangles
D:7:      layout_rooms, lemuel_crystal_altar, ashenzari_conservatory_becter,
          minmay_temple_entry_large_hall
D:8:      layout_rooms, overflow_temple_1_default, jmf_multi_god_temple,
          minmay_lair_entry_grove, kennysheep_another_room,
          nicolae_stop_n_shop_1, nicolae_transmutations_shop
D:9:      minmay_the_grid_3x3 [minmay_the_grid_diamond_grid,
          minmay_the_grid_minigrid_small_alt, minmay_the_grid_paths,
          minmay_the_grid_minigrid_medium, minmay_the_grid_outer_circle,
          minmay_the_grid_tree, minmay_the_grid_small_cups,
          minmay_the_grid_outer_diamond, minmay_the_grid_prize_shrinking_boxes],
          layout_rooms, nicolae_specific_store, kennysheep_small_circle
D:10:     layout_cave_pods, nicolae_shop_overcharged_wands, uniq_maggie
D:11:     layout_basic, grunt_decor_one_mirror, uniq_nergalle
D:12:     layout_roguey, david_orc_2
D:13:     layout_basic, david_vaults_4, serial_bayou, serial_bayou_crossing,
          serial_bayou_pond_e, serial_bayou_ford_a, serial_bayou_shore_b
D:14:     gargoyle_guard, layout_cave_pools, chequers_hall_statues_wall_a,
          kennysheep_windowed_goal
D:15:     hangedman_depths_entry_civil_slaughter, layout_irregular_city,
          good_gods_temple_1, uniq_kirke
Lair:1:   lemuel_slime, layout_regular_city
Lair:2:   layout_long_grid, nicolae_lair_grazing_beasts
          [nicolae_sub_lair_graze_edge, nicolae_sub_lair_graze_edge,
          nicolae_sub_lair_graze_edge, nicolae_sub_lair_graze_edge]
Lair:3:   layout_loops_ring, mainiacjoe_swamp_entry_lozenge_pond,
          minmay_snake_entry_six_corridors
Lair:4:   layout_concentric_octagons, nicolae_slime_entry_slimehenge,
          grunt_megastairs_2
Lair:5:   grunt_lair_end_beastmaster, layout_loops_ring, gauntlet_entry_generic,
          grunt_megastairs_5, uniq_nessos
Swamp:1:  layout_basic_swamp, nicolae_swamp_triple_paths, uniq_jorgrun,
          uniq_louise, uniq_mlioglotl
Swamp:2:  layout_falls_marsh, evilmike_swamp_ruin_house_4
Swamp:3:  layout_falls_marsh, hangedman_swamp_pad, swamp_pool_5
Swamp:4:  swamp_old_school, layout_basic_swamp, swamp_pool_4
Snake:1:  layout_cave_pods
Snake:2:  onia_ninara_swampy_vault, layout_misc_corridors, basic_altar,
          serial_bayou_shore_a, minmay_shop_grove
Snake:3:  layout_grid_maze
Snake:4:  snake_pit_salamanders_mu, layout_misc_corridors, st_stairs_8,
          minmay_shoptagon
Slime:1:  layout_caves, cheibrodos_slime_lost_civilization_7
Slime:2:  layout_caves, basic_altar
Slime:3:  layout_caves
Slime:4:  layout_caves, cheibrodos_slime_lost_civilization_4
Slime:5:  slime_pit_nicolae_amoeboid
Orc:1:    layout_caves, special_room [special_room_kobold], serial_shops,
          nicolae_shop_advertising_works [nicolae_subvault_shop_adworks],
          uniq_urug
Orc:2:    grunt_orc_cross, layout_caves, serial_shops, shop, uniq_erolcha,
          uniq_rupert, uniq_maurice
Elf:1:    nicolae_elf_arrival_no_cutting_in_line, layout_loops_corners,
          serial_shops, shop, nicolae_elf_crossing_hall
Elf:2:    nicolae_elf_blades_crystal_corner, layout_gridlike, special_room
          [special_room_mythical_zoo], serial_magic_research,
          hangedman_research_toxicology, hangedman_research_quantum,
          hangedman_research_probablistics, hangedman_research_geology,
          hangedman_research_thermodynamics
Elf:3:    minmay_elf_hall_x, layout_onion_city, serial_shops, shop
Vaults:1: portal_desolation_entry_nicolae_nacl, v_misc_30,
          nicolae_vaults_circle_grid_b, nicolae_vaults_taking_the_gang_shopping,
          nicolae_whirlpool, nicolae_vaults_heist, v_misc_30,
          vaults_dpeg_diagonal, ontoclasm_vaults_hangar,
          nicolae_vaults_rhombus_7, vaults_dpeg_encased_lava,
          hangedman_vaults_impose, grunt_vaults_hallway_short,
          vaults_room_semicircle, layout_vaults_omnicross, serial_shops,
          nicolae_shop_mannequins
Vaults:2: nicolae_vaults_inception_statues, nicolae_vaults_double_plus_3,
          vaults_standard_mumra_lines, nicolae_vaults_twisting_passages,
          nicolae_vaults_cochlea, nicolae_vaults_asterisk,
          ontoclasm_vaults_shuriken, v_misc_1,
          nicolae_vaults_storage_room_water,
          serial_library_hellmonk_open_square, layout_vaults_chaotic_city,
          uniq_frederick
Vaults:3: v_misc_5, nicolae_vaults_three_branches, blue_anna_dwarven_crypt,
          nicolae_vaults_trapezoid_lopsided_1, nicolae_vaults_apartment_1,
          nicolae_vaults_tangram_1, nicolae_vaults_little_squares_1,
          hangedman_vaults_nails, nicolae_vaults_sightless_eye, v_misc_31,
          nicolae_vaults_lightning_bolt, ontoclasm_vaults_misaligned,
          vaults_room_stairs_pillars, vaults_room_door_ring,
          nicolae_vaults_little_squares_5, nicolae_vaults_sesquioval_fish,
          ontoclasm_vaults_twist, vaults_dpeg_hooks, layout_vaults_ring,
          serial_shops, shop_statue
Vaults:4: nicolae_vaults_closet_pinwheel_2, vaults_room_fancy_cross,
          ontoclasm_vaults_loading_screen, vaults_room_grunt_arrival_ludios,
          hangedman_vaults_river_flow, v_misc_17, vaults_room_door_ring,
          ontoclasm_vaults_ring_small, nicolae_vaults_trapezoid_2,
          layout_vaults_omnigrid
Vaults:5
Crypt:1:  layout_catacombs, ebering_ghost_inner_flame, basic_altar, uniq_boris
Crypt:2:  cheibrodos_crypt_draghalla, layout_regular_city, basic_altar
Crypt:3:  cryptofortress_bobbens
Depths:1: minmay_ambush_box, layout_gridlike, hell_entry, fedhas_altar_1,
          special_room [special_room_mythical_zoo], abyss_entry_glasseish,
          serial_sigils_hangedman_shear, slow_altar_2
Depths:2: minmay_diamond_stairs, layout_cave_shapes, nicolae_figureground_pulse,
          hell_entry, rand_demon_pan_entry_5, infiniplex_staircase_zigzag_4,
          uniq_bai_suzhen
Depths:3: nzn_winding_woodlands_cross [nzn_winding_woodlands_5x15_jagged,
          nzn_winding_woodlands_5x15_eye, nzn_winding_woodlands_5x15_sidewinder,
          nzn_winding_woodlands_5x15_pockets,
          nzn_winding_woodlands_15x15_killbox], layout_cave_pools,
          enter_ziggurat_b, minmay_room_of_horrors, hell_entry, drop_trap
Depths:4: grunt_crosshair, layout_gridlike, serial_sigils,
          serial_sigils_hangedman_shear, serial_sigils_hangedman_quiver,
          serial_sigils_hangedman_leer, serial_sigils_hangedman_scratch,
          serial_sigils_hangedman_shear, serial_sigils_hangedman_shear,
          hell_entry, kiku_gazebo_garden_becter,
          nicolae_shop_i_like_small_books_too
Zot:1:    nicolae_zot_draconian_monastery, layout_gridlike,
          regret_index_zotdec_plus
Zot:2:    layout_cellular_growth, regret_index_zotdec_ex,
          hellmonk_ghost_happy_afterlife
Zot:3:    layout_gridlike, grunt_megastairs_1, uniq_vv
Zot:4:    layout_onion
Zot:5:    layout_gridlike

Skill      XL: |  1  2  3  4  5  6  7  8  9 10 11 12 13 14 15 16 17 18 19 20 21 22 23 24 25 26 |
---------------+-------------------------------------------------------------------------------+-----
Earth Magic    | 3 4 5 6 7 8 9 10 11 12 13 14 | 14.0
Conjurations   | 1 2 3 4 6 7 8 9 10 12 13 15 19 21 | 21.0
Spellcasting   | 2 3 4 5 6 8 9 10 11 12 13 14 15 16 18 19 | 19.7
Dodging        | 2 4 5 6 8 10 11 | 11.0
Stealth        | 2 4 |  4.0
Fighting       | 1 2 3 5 6 7 8 9 10 11 12 13 14 15 | 15.0
Armour         | 1 4 6 7 8 9 10 11 13 | 13.0
Shields        | 2 4 5 6 8 9 10 11 12 13 | 13.0
Fire Magic     | 3 6 7 11 15 16 17 18 19 20 21 | 21.0
Necromancy     | 1 5 7 |  7.0
Alchemy        | 2 6 |  6.0
Axes           | 4 8 10 11 12 13 | 13.0

Action                     |  1- 3 |  4- 6 |  7- 9 | 10-12 | 13-15 | 16-18 | 19-21 | 22-24 | 25-27 || total
---------------------------+-------+-------+-------+-------+-------+-------+-------+-------+-------++-------
  Melee: Unarmed           |     2 |       |       |       |       |       |       |       |       ||     2
         Mace              |       |     6 |       |       |       |       |       |       |       ||     6
         Dagger            |       |     2 |       |       |       |       |       |       |       ||     2
         Long sword        |       |       |     9 |       |       |       |       |       |       ||     9
         Falchion          |       |       |     9 |    30 |     3 |       |       |       |       ||    42
         Staff             |       |       |       |     6 |   150 |    43 |     4 |     2 |     1 ||   206
         Broad axe         |       |       |       |       |       |       |    52 |   207 |    18 ||   277
         Peck              |       |       |       |       |       |       |     1 |    92 |     5 ||    98
         War axe           |       |       |       |       |       |       |       |     6 |     1 ||     7
   Cast: Sandblast         |    55 |    47 |    56 |    64 |    68 |   142 |    57 |    39 |       ||   528
         Stone Arrow       |     1 |    30 |   106 |   315 |   384 |    75 |    27 |       |       ||   938
         Passwall          |       |       |     2 |       |       |       |       |       |       ||     2
         Lee's Rapid Decon |       |       |       |    38 |   265 |   187 |   221 |   219 |    10 ||   940
         Flame Wave        |       |       |       |     1 |    35 |       |       |       |       ||    36
         Borgnjor's Vile C |       |       |       |       |    17 |   150 |    82 |   115 |    34 ||   398
         Bombard           |       |       |       |       |    32 |   169 |   188 |   202 |   111 ||   702
         Iskenderun's Batt |       |       |       |       |    10 |    68 |    27 |    15 |     3 ||   123
         Animate Dead      |       |       |       |       |     2 |    27 |    23 |    18 |     7 ||    77
         Shock             |       |       |       |       |       |    56 |     9 |       |       ||    65
         Irradiate         |       |       |       |       |       |    16 |    11 |    15 |     1 ||    43
         Starburst         |       |       |       |       |       |     4 |    36 |    24 |       ||    64
         Ignition          |       |       |       |       |       |       |    50 |    90 |    10 ||   150
         Orb of Destructio |       |       |       |       |       |       |       |    62 |       ||    62
         Fire Storm        |       |       |       |       |       |       |       |    30 |    92 ||   122
         Sublimation of Bl |       |       |       |       |       |       |       |    11 |    30 ||    41
  Evoke: Wand              |       |       |       |       |       |       |     3 |     2 |     2 ||     7
         Phantom mirror    |       |       |       |       |       |       |     1 |       |       ||     1
    Use: Potion            |       |     2 |       |       |       |     3 |    11 |     2 |     9 ||    27
         Scroll            |       |     4 |     3 |     6 |    15 |    11 |    19 |    12 |     9 ||    79
   Stab: Distracted        |       |       |       |       |       |       |     4 |     9 |     1 ||    14
 Armour: Robe              |     3 |       |       |       |       |       |       |       |       ||     3
         Ring mail         |       |    18 |    50 |    98 |   267 |       |    97 |       |       ||   530
         Leather armour    |       |     2 |       |       |       |       |       |   391 |    54 ||   447
         Swamp dragon scal |       |       |       |       |    11 |   475 |   174 |    68 |       ||   728
         Quicksilver drago |       |       |       |       |       |       |       |       |    61 ||    61
         Scale mail        |       |       |       |       |       |       |       |       |     1 ||     1
  Dodge: Dodged            |    13 |    22 |    26 |    52 |   162 |   193 |   135 |   239 |    31 ||   873
  Block: Buckler           |       |       |     8 |       |       |       |       |       |       ||     8
         Reflection        |       |       |     6 |     3 |    57 |    78 |    50 |     1 |     2 ||   197
         Other             |       |       |     1 |       |       |       |       |       |       ||     1
         Kite shield       |       |       |    62 |   202 |   567 |   494 |   287 |   300 |    45 ||  1957
